 Dungeon Crawl Stone Soup version 0.15-a0-1723-gae8f746 (webtiles) character file.

1430 KaKa the Magician (level 8, -4/57 HPs)
             Began as a Ghoul Wizard on June 26, 2014.
             Was a Follower of Cheibriados.
             Slain by a thrashing horror (9 damage)
             ... on Level 1 of the Abyss.
             The game lasted 00:39:16 (6143 turns).

KaKa the Magician (Ghoul Wizard)                    Turns: 6143, Time: 00:39:16

HP  -4/57        AC  3     Str 13      XL: 8   Next: 73%
MP  24/28        EV 10     Int 17      God: Cheibriados [*.....]
Gold 271         SH  0     Dex  9      Spells:  3 memorised, 12 levels left

rFire  . . .     SeeInvis .       - Unarmed
rCold  + . .     Clarity  .     z - +0 leather armour
rNeg   + + +     rCorr    .     (no shield)
rPois  +         rRot     +     b - +0 hat (curse)
rElec  .         Spirit   .     (no cloak)
SustAb .         Warding  .     (no gloves)
rMut   .         Stasis   .     (no boots)
Saprov + + +                    (no amulet)
MR     .....                    (no ring)
                                v - ring of magical power

@: about to teleport, very slightly contaminated, rotting, invisible (expiring),
very slow, not resistant to hostile enchantments, very unstealthy
A: rotting body, claws 1, carnivore 3, cold resistance 1, life protection 3,
poison resistance, saprovore 3, slow healing 1, torment resistance, unbreathing
a: Bend Time, Renounce Religion


You were on level 1 of the Abyss.
You worshipped Cheibriados.
Cheibriados was aware of your devotion.
You were not hungry.

You visited 2 branches of the dungeon, and saw 7 of its levels.
You visited the Abyss 1 time.

You collected 309 gold pieces.
You spent 38 gold pieces at shops.

Inventory:

Hand weapons
 a - a +0 dagger
 k - the +8 mace of Armageddon {distort, +Inv Str-2}
   (You found it on level 6 of the Dungeon)

   It warps and distorts space around it.
   Unwielding it can cause banishment or high damage.
   It affects your strength (-2).
   It lets you turn invisible.
 B - a +1 dagger of venom
Missiles
 w - 3 tomahawks (quivered)
Armour
 b - a cursed +0 hat (worn)
 z - a +0 leather armour (worn)
Magical devices
 t - a wand of confusion (6)
 y - a wand of paralysis (10)
 A - a wand of disintegration (11)
 E - a wand of disintegration (12)
Comestibles
 d - 5 meat rations
 p - a slice of pizza
 F - 3 rotting chunks of orc flesh
 J - a rotting chunk of iguana flesh
 K - a rotting chunk of adder flesh
 L - a rotting chunk of orc flesh
Scrolls
 f - a scroll of recharging
 h - 4 scrolls of identify
 j - 3 scrolls of fear
 l - a scroll of amnesia
 m - 8 scrolls of remove curse
 q - 3 scrolls of magic mapping
 x - 2 scrolls of immolation
Jewellery
 v - a ring of magical power (left claw)
Potions
 e - a potion of invisibility
 g - a potion of magic {unknown}
 n - a potion of resistance {unknown}
 o - a potion of heal wounds {unknown}
 r - a potion of haste {unknown}
 s - a potion of might {unknown}
 u - a potion of flight {unknown}
 D - 3 potions of poison {unknown}
 G - 3 potions of lignification {unknown}
Books
 c - a book of Minor Magic

   Spells                             Type                      Level
   *Magic Dart                        Conjuration                  1
   *Blink                             Translocation                2
   Call Imp                           Summoning                    2
   Repel Missiles                     Charms/Air                   2
   Slow                               Hexes                        2
   Conjure Flame                      Conjuration/Fire             3
   *Mephitic Cloud                    Conjuration/Poison/Air       3


   Skills:
 - Level 1.7 Dodging
 - Level 2.1 Stealth
 + Level 4.6 Unarmed Combat
 - Level 5.7 Spellcasting
 - Level 5.1 Conjurations
   Level 0.8 Summonings
 - Level 0.8 Translocations
 - Level 2.0 Air Magic
 - Level 2.2 Poison Magic


You had 12 spell levels left.
You knew the following spells:

 Your Spells              Type           Power        Failure   Level  Hunger
a - Magic Dart            Conj           ###.         1%          1    None
b - Mephitic Cloud        Conj/Pois/Air  ###.....     12%         3    ###....
c - Blink                 Tloc           N/A          17%         2    None


Dungeon Overview and Level Annotations

Branches:
Dungeon (6/15)             Temple (1/1) D:5

Altars:
Cheibriados
Nemelex Xobeh
Sif Muna
Vehumet
The Shining One

Shops:
D:5 *

Annotations:
D:4 Grinder


Innate Abilities, Weirdness & Mutations

Your body is rotting away.
You have sharp fingernails.
You are carnivorous and can eat meat at any time.
Your flesh is cold resistant.
You are immune to negative energy.
Your system is resistant to poisons.
You thrive on rotten meat.
You heal slowly when monsters are visible.
You are immune to unholy pain and torment.
You can survive without breathing.


Message History

You feel better. The thrashing horror tramples you!
* * * LOW HITPOINT WARNING * * *
You stumble backwards!
Drink which item? (? for menu, Esc to quit)
You feel better.
Found a cutlass.
The golden eye blinks!
The brain worm bites you.
* * * LOW HITPOINT WARNING * * *
The golden eye blinks! x2
You flicker for a moment.
The thrashing horror barely misses you. The thrashing horror tramples you!
* * * LOW HITPOINT WARNING * * *
You stumble backwards!
Casting: Magic Dart
Confirm with . or Enter, or press ? or * to list all spells.
You blink.
The golden eye blinks!
Casting: Blink
Confirm with . or Enter, or press ? or * to list all spells.
You blink.
The thrashing horror tramples you!
You die...

.. ## # . ##. . . .. .
.# .. . #.#. ..##G# #.
. # ..# # ... #..
..#.#.. . ....#
.#.§§X##### . ... .
#.. ##.@#.#### .#
?#...#.####.#§#.#.# ..
##. ## .#....X#.#..#
.##....#.##....##...#
. #..§. .###..#...§#
.###...G.##.#5#§...###
..#. #.#.##.#....#.
..#.#.#. .......#..§
.........##..#..#.#


You could see a thrashing horror and a white imp.

Vanquished Creatures
  Pikel (D:5)
  Sigmund (D:5)
  Menkaure (D:5)
  A sky beast (D:6)
  A necrophage (D:5)
  A giant frog (D:6)
  A scorpion (D:5)
  A crimson imp (D:5)
  An orc priest (D:5)
  A giant frog skeleton (D:6)
  3 orc wizards
  An iguana (D:6)
  2 worker ants
  Ijyb (D:4)
  6 adders
  A giant mite (D:4)
  2 worms
  A gnoll skeleton (D:4)
  2 oozes (D:3)
  8 orcs
  A ball python (D:2)
  11 bats
  13 hobgoblins
  6 jackals
  A quokka (D:3)
  3 giant cockroaches
  4 giant geckos
  4 giant newts
  A giant newt skeleton (D:4)
  8 goblins
  13 kobolds
  An orc skeleton (D:5)
  14 rats
117 creatures vanquished.

Vanquished Creatures (others)
  A slave (D:5)
  A giant newt (D:5)
  A gnoll skeleton (D:5)
3 creatures vanquished.

Grand Total: 120 creatures vanquished

Notes
Turn   | Place    | Note
--------------------------------------------------------------
     0 | D:1      | KaKa, the Ghoul Wizard, began the quest for the Orb.
     0 | D:1      | Reached XP level 1. HP: 14/14 MP: 3/3
    78 | D:1      | Reached skill level 1 in Conjurations
   357 | D:1      | Reached XP level 2. HP: 14/20 MP: 3/5
   675 | D:1      | Reached skill level 1 in Unarmed Combat
  1251 | D:2      | Reached XP level 3. HP: 26/26 MP: 2/6
  2101 | D:2      | Reached XP level 4. HP: 22/33 MP: 1/7
  2164 | D:2      | Learned a level 3 spell: Mephitic Cloud
  2167 | D:2      | Learned a level 2 spell: Blink
  2288 | D:3      | Reached skill level 3 in Conjurations
  3033 | D:4      | Reached XP level 5. HP: 8/37 MP: 8/8
  3096 | D:4      | Found a deep blue altar of Sif Muna.
  3107 | D:4      | Reached skill level 1 in Poison Magic
  3757 | D:4      | Noticed Ijyb
  3773 | D:4      | Killed Ijyb
  3773 | D:4      | Reached skill level 1 in Air Magic
  3837 | D:4      | Noticed a phantom
  3928 | D:4      | Noticed Grinder
  3961 | D:5      | Entered Level 5 of the Dungeon
  4065 | D:5      | Found Pnyzuhoch's General Store.
  4074 | D:5      | Bought a scroll of fear for 38 gold pieces
  4338 | D:5      | Noticed Menkaure
  4363 | D:5      | Killed Menkaure
  4363 | D:5      | Reached skill level 4 in Conjurations
  4363 | D:5      | Reached XP level 6. HP: 45/45 MP: 10/10
  4389 | D:5      | Noticed a slave
  4712 | D:5      | Found a staircase to the Ecumenical Temple.
  4720 | Temple   | Entered the Ecumenical Temple
  4753 | Temple   | Became a worshipper of Cheibriados the Contemplative
  4807 | D:5      | Noticed a necrophage
  4819 | D:5      | Killed a necrophage
  4921 | D:5      | Noticed a slave
  4922 | D:5      | Noticed Pikel
  4926 | D:5      | Noticed a slave
  4927 | D:5      | Noticed a slave
  4929 | D:5      | Killed Pikel
  4929 | D:5      | Reached skill level 5 in Spellcasting
  4929 | D:5      | Reached XP level 7. HP: 45/47 MP: 18/18
  4929 | D:5      | Reached XP level 8. HP: 51/54 MP: 18/19
  4992 | D:5      | Noticed Sigmund
  5466 | D:5      | Killed a freed slave
  5534 | D:5      | Killed Sigmund
  5534 | D:5      | Reached skill level 5 in Conjurations
  6044 | D:6      | Got a jewelled mace
  6045 | D:6      | Identified the +8 mace of Armageddon {distort, +Inv Str-2} (You found it on level 6 of the Dungeon)
  6046 | D:6      | Cast into the Abyss (a distortion unwield)
  6120 | Abyss:1  | Noticed a thrashing horror
  6143 | Abyss:1  | Slain by a thrashing horror

Action                   |  1- 3 |  4- 6 |  7- 9 || total
-------------------------+-------+-------+-------++-------
Melee: Unarmed           |    88 |   114 |    46 ||   248
       Dagger            |       |    16 |     2 ||    18
Throw: Tomahawk          |       |       |     2 ||     2
 Cast: Magic Dart        |    79 |   147 |    94 ||   320
       Mephitic Cloud    |       |     2 |    10 ||    12
       Blink             |       |       |     2 ||     2
Evoke: Wand              |       |    16 |     5 ||    21
  Use: Scroll            |     2 |       |     7 ||     9
       Potion            |       |       |     6 ||     6
 Stab: Sleeping          |     2 |       |     1 ||     3
       Paralysed         |       |    25 |       ||    25
       Confused          |       |       |     3 ||     3
